 Seeded DCSS version 0.29-a0-732-g3d7fbe0af2 (webtiles) character file.

Game seed: 653173871582702220 (custom seed)

1361 zeratav the Skirmisher (level 8, -1/37 HPs)
             Began as a Spriggan Hunter on June 29, 2022.
             Was an Initiate of Dithmenos.
             Succumbed to a killer bee's poison
             ... on level 7 of the Dungeon.
             The game lasted 00:08:12 (6658 turns).

zeratav the Skirmisher (Spriggan Hunter)            Turns: 6658, Time: 00:08:13

Health: -1/37      AC:  6    Str:  6 (7)  XL:     8   Next: 37%
Magic:  9/9        EV: 17    Int: 10 (11) God:    Dithmenos [......]
Gold:   834        SH:  0    Dex: 18 (20) Spells: 7/7 levels left

rFire   . . .      SeeInvis +   a - +0 shortbow {bow}
rCold   . . .      Faith    .   (shield currently unavailable)
rNeg    . . .      Spirit   .   c - +0 robe
rPois   .          Reflect  .   (helmet restricted)
rElec   .          Harm     .   o - scarf {repulsion}
rCorr   .          Rampage  .   (gloves unavailable)
Will    +....                   (boots unavailable)
Stlth   +++.......              (no amulet)
HPRegen 0.12/turn               n - +4 ring of protection
MPRegen 0.11/turn               (no ring)

@: lethally poisoned (-1 -> -18), invisible, repel missiles, very quick
A: very small, no large weapons, unfitting armour, see invisible, speed 3
a: Renounce Religion


You were on level 7 of the Dungeon.
You worshipped Dithmenos.
Dithmenos was noncommittal.
You visited 2 branches of the dungeon, and saw 9 of its levels.

You collected 834 gold pieces.


Innate Abilities, Weirdness & Mutations

You are very small and have problems with some larger weapons.
You are too small for most types of armour.
You have supernaturally acute eyesight. (SInv)
You cover ground extremely quickly. (Speed+++)


   Skills:
 - Level 1.5 Fighting
 + Level 12.5 Ranged Weapons
 - Level 2.6 Dodging
 - Level 5.0 Stealth


You had 7 spell levels left.
You didn't know any spells.
Your spell library contained the following spells:

 Spells                   Type           Power      Damage    Failure   Level
 Sublimation of Blood     Necr           0%         N/A       50%         2
 Conjure Flame            Conj/Fire      0%         6-21      75%         3
 Ignite Poison            Fire/Tmut/Pois 0%         N/A       75%         3
 Fulminant Prism          Conj/Hex       0%         3d6       98%         4
 Iskenderun's Mystic Bla  Conj/Tloc      0%         2d3       98%         4
 Petrify                  Tmut/Erth      0%         N/A       98%         4
 Sticky Flame             Conj/Fire      0%         2d3       98%         4
 Irradiate                Conj/Tmut      0%         3d13      100%        5
 Lee's Rapid Deconstruct  Erth           0%         3d5*      100%        5

Inventory:

Hand Weapons
 a - a +0 shortbow (weapon) {bow}
 F - the +12 long sword of Floral Exoneration {holy, Will+, @e2long}
   (You found it on level 6 of the Dungeon)

   It has been blessed by the Shining One to cause great damage to the undead
   and demons.
   Will:      It increases your willpower.
Armour
 c - a +0 robe (worn)
 o - a scarf of repulsion (worn)
   (You found it on level 1 of the Dungeon)
Jewellery
 n - a +4 ring of protection (left hand)
   (You found it on level 1 of the Dungeon)
 t - a ring of protection from fire
   (You found it on level 2 of the Dungeon)
 D - a ring of fire
   (You found it on level 5 of the Dungeon)
 H - a ring of wizardry
   (You found it on level 8 of the Dungeon)
 K - a ring of protection from fire
   (You found it on level 7 of the Dungeon)
Wands
 e - a wand of polymorph (7)
   (You took it off Blork the orc on level 4 of the Dungeon)
 C - a wand of mindburst (20)
   (You found it on level 5 of the Dungeon)
 L - a wand of paralysis (7)
   (You found it on level 7 of the Dungeon)
Scrolls
 b - 3 scrolls of immolation {!r!r}
 h - a scroll of amnesia {unknown}
 i - 2 scrolls of enchant weapon {unknown}
 j - 2 scrolls of blinking {unknown}
 l - 2 scrolls of silence {unknown}
 m - 2 scrolls of magic mapping {!r}
 p - a scroll of vulnerability {!r!r}
 u - a scroll of fear {unknown}
 v - a scroll of identify {@r1}
 w - a scroll of enchant armour {unknown}
 x - 5 scrolls of teleportation {@r4}
 y - a scroll of brand weapon
 A - a scroll of noise {unknown}
 B - 2 scrolls of poison {unknown}
 G - a scroll of fog {unknown}
 J - a scroll of torment {unknown}
Potions
 d - 3 potions of brilliance {unknown}
 f - a potion of curing {unknown}
 g - 4 potions of attraction {unknown}
 k - 3 potions of mutation {unknown}
 q - 2 potions of invisibility
 r - 2 potions of flight {unknown}
 s - a potion of ambrosia {unknown}
 z - 2 potions of degeneration {!q@e2}
 E - 2 potions of heal wounds {unknown}
 I - a potion of lignification {unknown}

Dungeon Overview and Level Annotations

Branches:
Dungeon (8/15) Zot: 26712  Temple (1/1) D:5 Zot: 5771
   Lair: D:8-11

Altars:
Ashenzari
Cheibriados
Dithmenos
Elyvilon
Fedhas
Gozag
Hepliaklqana
Kikubaaqudgha
Makhleb
Nemelex Xobeh
Okawaru
Qazlal
Ru
Sif Muna
Trog
Uskayaw
Vehumet
Wu Jian
Xom
Yredelemnul
The Shining One

Shops:
D:4 =   D:6 * D:7

*[*( #.# #.# #.# #.#...# #.#
###### #.# #.# #.#.♣.#
#.###....####.# #.###.#.♣.##
#.##.......##.# #....>).♣..#
#.#.........#.# #####.#.♣..#
###......≈≈≈....# #.#....#
..<.....≈≈≈≈≈...# ## #.#....#
........≈≈♣≈≈...##†####.#._..####
#####...≈≈≈≈≈...@yy...........)<.
#♣...≈≈≈...♣##......#.....###
♣♣..^....♣♣ #######..♣...#
♣♣.....♣♣ #..♣...# ♣♣...♣♣
#..♣.### ♣.....♣ #..♣.# ♣.......♣
#....# ♣...≈≈≈...♣ #....#
♣..≈≈≈≈≈..♣


You could see 2 killer bees.


Message History

There is an entrance to Dysuxo's Antique Weapon Emporium here.
Found Plog's Armour Emporium.
There is an entrance to Xeodosar's Assorted Antiques here.
You can access your shopping list by pressing '$'.
There is an entrance to Qiownistro's Assorted Antiques here.
You can access your shopping list by pressing '$'.
There is an entrance to Plog's Armour Emporium here.
Found a stone staircase leading up.
You now have 826 gold pieces (gained 9).
You now have 834 gold pieces (gained 8).
Found a white marble altar of Elyvilon.
There is a shaft here.
A scorpion comes into view.
A scorpion is nearby!
You shoot an arrow. The arrow hits the scorpion!
You shoot an arrow.
The arrow completely misses the scorpion.
You shoot an arrow. The arrow hits the scorpion.
You kill the scorpion!
Dithmenos accepts your kill.
No target in view!
No target in view!
No target in view!
No target in view!
No target in view!
No target in view!
No target in view!
No target in view!
No target in view!
No target in view!
No target in view!
No target in view!
No target in view!
No target in view!
No target in view!
No target in view!
A killer bee comes into view.
A killer bee is nearby!
You shoot an arrow. The killer bee buzzes angrily.
The arrow hits the killer bee.
You hear an angry buzzing noise.
A killer bee comes into view.
You shoot an arrow. The arrow barely misses the killer bee.
The killer bee buzzes angrily.
A killer bee comes into view.
You shoot an arrow.
The arrow closely misses the killer bee.
The arrow misses the killer bee. x2
The killer bee buzzes angrily.
A killer bee comes into view.
The killer bee misses you.
You shoot an arrow. The arrow barely misses the killer bee.
The arrow hits the killer bee!
The killer bee misses you.
You shoot an arrow. The arrow misses the killer bee.
The arrow barely misses the killer bee.
The arrow hits the killer bee.
You shoot an arrow. The arrow hits the killer bee!
You kill the killer bee!
Dithmenos accepts your kill. The killer bee misses you.
The killer bee closely misses you. The killer bee stings you.
The killer bee stings you but does no damage.
You shoot an arrow. The arrow hits the killer bee!
The killer bee stings you.
You are poisoned.
The killer bee poisons you! The killer bee closely misses you. x2
The killer bee misses you. The killer bee barely misses you.
The killer bee stings you!
You are more poisoned.
The killer bee poisons you!
You shoot an arrow. The arrow hits the killer bee!
You kill the killer bee!
Dithmenos accepts your kill.
You feel very sick. The killer bee misses you. The killer bee stings you.
* * * LOW HITPOINT WARNING * * *
You are lethally poisoned!
The killer bee poisons you!
HP[-21]
You take 21 damage, and now have 16/37 hp.
MASSIVE DAMAGE!! (PAUSE)
The killer bee attacks as you move away!
The killer bee stings you but does no damage.
* * * LOW HITPOINT WARNING * * *
You feel very sick.
HP[-3]
You take 3 damage, and now have 13/37 hp.
It was a potion of degeneration.
There was something very wrong with that liquid.
You feel weakened.
You feel dopey.
You feel clumsy.
* * * LOW HITPOINT WARNING * * *
You feel very sick.
The killer bee stings you but does no damage.
The killer bee stings you.
* * * LOW HITPOINT WARNING * * *
HP[-10]
You take 10 damage, and now have 3/37 hp.
MASSIVE DAMAGE!! (PAUSE) It was a potion of invisibility.
You fade into invisibility!
You die...

Skill      XL: |  1  2  3  4  5  6  7  8 |
---------------+-------------------------+-----
Ranged Weapons | 5 6 7 8 10 11 12 | 12.5
Stealth        | 3 5 |  5.0
Fighting       | |  1.5
Dodging        | |  2.6

Action                   |  1- 3 |  4- 6 |  7- 9 || total
-------------------------+-------+-------+-------++-------
Melee: Unarmed           |       |    22 |       ||    22
       Punch             |       |     1 |       ||     1
       Long sword        |       |       |     4 ||     4
 Fire: Shortbow          |   111 |   170 |   119 ||   400
  Use: Scroll            |     2 |     4 |       ||     6
       Potion            |       |       |     2 ||     2
Armor: Robe              |     3 |     1 |    10 ||    14
       Skin              |       |    11 |       ||    11
Dodge: Dodged            |    22 |    43 |    50 ||   115

Levels and vault maps discovered:
D:1:      amcnicky_arrival_wind_blow, layout_loops_ring,
          ebering_ecumenical_altar_rust, st_stairs_11,
          chequers_serial_rivers_micro_d, grunt_decor_one_mirror,
          minmay_hexomino_f4
D:2:      minmay_recursive_quarters, layout_basic
D:3:      layout_basic, dreamdust_mushroom_princess, serial_bayou_pond_e
D:4:      layout_basic, minmay_shop_enchanted_jewellery, uniq_robin,
          uniq_edmund, uniq_blork_the_orc
D:5:      layout_rooms, makhleb_altar_promises_db,
          nicolae_sif_muna_little_library, minmay_temple_entry_large_hall
D:6:      layout_rooms, minmay_misc_feat_alley,
          nicolae_shop_sticking_my_neck_out
D:7:      layout_loops_ring, mainiacjoe_overflow_boulevard, elyvilon_altar_3,
          minmay_shop_grid_forest
D:8:      nicolae_cairo_tiling_large_dashed, layout_cave_pools,
          hellmonk_bongcloud_opening, minmay_tree_intersection, uniq_psyche
Temple:   minmay_temple_bridge_d

Notes
Turn   | Place    | Note
-------+----------+-------------------------------------------
     0 | D:1      | zeratav the Spriggan Hunter began the quest for the Orb.
     0 | D:1      | Reached XP level 1. HP: 10/10 MP: 2/2
     0 | D:1      | magus.rc [v1.9.6]
    57 | D:1      | Reached skill level 5 in Ranged Weapons
   155 | D:1      | Reached XP level 2. HP: 14/14 MP: 3/3
   353 | D:1      | Found a faded altar of an unknown god.
   649 | D:1      | Reached skill level 6 in Ranged Weapons
   677 | D:1      | Reached XP level 3. HP: 18/18 MP: 4/4
  1391 | D:2      | Reached XP level 4. HP: 22/22 MP: 5/5
  1703 | D:2      | Reached skill level 7 in Ranged Weapons
  2642 | D:3      | Reached XP level 5. HP: 25/25 MP: 6/6
  3252 | D:4      | Reached skill level 8 in Ranged Weapons
  3261 | D:4      | Noticed Blork the orc
  3279 | D:4      | HP: 5/25 [Blork the orc/puff of frost (9)]
  3532 | D:4      | Killed Blork the orc
  3549 | D:4      | Reached XP level 6. HP: 19/30 MP: 7/7
  3699 | D:4      | Noticed Robin
  3706 | D:4      | Killed Robin
  3745 | D:4      | Found Ycualije's Jewellery Boutique.
  3768 | D:4      | Reached skill level 9 in Ranged Weapons
  4198 | D:4      | Noticed Edmund
  4273 | D:4      | Killed Edmund
  4274 | D:4      | Reached skill level 10 in Ranged Weapons
  4274 | D:4      | Reached skill level 2 in Stealth
  4430 | D:4      | You pick up a book of Alchemy and begin reading...
  4430 | D:4      | You add the spells Sublimation of Blood, Petrify and
                  | Irradiate to your library.
  4569 | D:4      | Identified a scroll of acquirement
  4571 | D:4      | Acquired 508 gold pieces
  4621 | D:5      | Entered Level 5 of the Dungeon
  4659 | D:5      | Reached skill level 3 in Stealth
  4659 | D:5      | Reached XP level 7. HP: 33/33 MP: 8/8
  4677 | D:5      | Found a burning altar of Makhleb.
  4677 | D:5      | Noticed a blizzard demon
  4680 | D:5      | Noticed a ynoxinul
  4680 | D:5      | Noticed a ynoxinul
  4897 | D:5      | Found a staircase to the Ecumenical Temple.
  4910 | D:5      | Reached skill level 5 in Stealth
  5011 | Temple   | Entered the Ecumenical Temple
  5314 | Temple   | Became a worshipper of Dithmenos the Shadowed
  5540 | D:5      | Found a shimmering blue altar of Sif Muna.
  5698 | D:6      | Reached skill level 11 in Ranged Weapons
  5781 | D:6      | Found Ishoecva's Neck Hole.
  5796 | D:6      | Identified the +12 long sword of Floral Exoneration {holy,
                  | Will+}
  5843 | D:6      | HP: 8/33 [wight/+3 great sword (16)]
  5843 | D:6      | HP: 2/32 [wight/+4 short sword (2)]
  6179 | D:6      | Reached XP level 8. HP: 37/37 MP: 9/9
  6273 | D:6      | You fall into a shaft and drop 2 floors!
  6322 | D:7      | Found a hazy altar of Hepliaklqana.
  6361 | D:7      | Reached skill level 12 in Ranged Weapons
  6534 | D:7      | You pick up a book of Blasting and begin reading...
  6534 | D:7      | You add the spells Fulminant Prism, Iskenderun's Mystic
                  | Blast and Lee's Rapid Deconstruction to your library.
  6586 | D:7      | Found Dysuxo's Antique Weapon Emporium.
  6590 | D:7      | Found Xeodosar's Assorted Antiques.
  6591 | D:7      | You add the spells Conjure Flame, Ignite Poison and Sticky
                  | Flame to your library.
  6592 | D:7      | Found Qiownistro's Assorted Antiques.
  6598 | D:7      | Found Plog's Armour Emporium.
  6636 | D:7      | Found a white marble altar of Elyvilon.
  6657 | D:7      | HP: 9/37 [poisoned by a killer bee]
  6657 | D:7      | HP: 3/37 [killer bee (6)]
  6658 | D:7      | Succumbed to a killer bee's poison

Vanquished Creatures
  Edmund (D:4)
  A water moccasin (D:5)
  A sky beast (D:7)
  3 ogres
  Blork the orc (D:4)
  A scorpion (D:7)
  4 wights (D:6)
  2 killer bees (D:7)
  2 hounds
  An orc wizard (D:4)
  2 iguanas
  Robin (D:4)
  3 gnolls (D:5)
  8 adders
  A white imp (D:6)
  2 worms (D:2)
  7 dart slugs
  8 orcs
  6 ball pythons
  6 bats
  7 endoplasms
  5 giant cockroaches
  15 goblins
  8 hobgoblins
  2 jackals (D:1)
  4 quokkas
  7 frilled lizards
  12 kobolds
  5 rats
126 creatures vanquished.

Vanquished Creatures (others)
  3 fungi (D:3)
3 creatures vanquished.

Grand Total: 129 creatures vanquished

Table legend:
 A = Non-vault XP
 B = Vault XP
 C = Vault XP percentage of total XP
 D = Non-vault monster count
 E = Vault monster count
 F = Vault count percentage of total count
                 A         B        C        D         E       F
            +---------+---------+-------+---------+---------+-------
      Total |    1603 |     342 |  17.6 |      97 |      29 |  23.0
            +---------+---------+-------+---------+---------+-------
        D:1 |      48 |      10 |  17.2 |      24 |       7 |  22.6
        D:2 |      46 |      31 |  40.3 |      11 |       9 |  45.0
        D:3 |      98 |       0 |   0.0 |      23 |       0 |   0.0
        D:4 |     185 |     301 |  61.9 |      17 |      13 |  43.3
        D:5 |     385 |       0 |   0.0 |       7 |       0 |   0.0
        D:6 |     375 |       0 |   0.0 |      10 |       0 |   0.0
        D:7 |     466 |       0 |   0.0 |       5 |       0 |   0.0
            +---------+---------+-------+---------+---------+-------

Illustrated notes

Table legend:
 A = Kills in this place as a percentage of kills in entire the game.
 B = Kills by you in this place as a percentage of kills by you in the entire game.
 C = Kills by friends in this place as a percentage of kills by friends in the entire game.
 D = Other kills in this place as a percentage of other kills in the entire game.
 E = Experience gained in this place as a percentage of experience gained in the entire game.
 F = Experience gained in this place divided by the number of levels of this place that you have seen.
                   A       B       C       D       E      F
               +-------+-------+-------+-------+-------+----------------------
         Total | 100.0 | 100.0 |   N/A |   N/A | 100.0 | 216.1
       Dungeon | 100.0 | 100.0 |   N/A |   N/A | 100.0 | 243.1
               +-------+-------+-------+-------+-------+----------------------

Table legend: (Time is in decaauts)
 A = Elapsed time spent in this place.
 B = Non-inter-level travel time spent in this place.
 C = Inter-level travel time spent in this place.
 D = Time resting spent in this place.
 E = Time spent auto-exploring this place.
 F = Levels seen in this place.
 G = Mean time per level.
                   A        B        C        D        E       F      G
               +--------+--------+--------+--------+--------+-----+--------+
         Total |   4803 |   4595 |    208 |    869 |   2988 |   9 |  533.7 |
       Dungeon |   4574 |   4459 |    115 |    869 |   2860 |   8 |  571.8 |
        Temple |    228 |    135 |     93 |      0 |    127 |   1 |  228.0 |
               +--------+--------+--------+--------+--------+-----+--------+

Top non-repeatable levels by time:
     D:2: 849 daAuts
     D:3: 837 daAuts
     D:4: 823 daAuts
     D:1: 753 daAuts
     D:5: 674 daAuts
     D:6: 318 daAuts
     D:7: 287 daAuts
  Temple: 228 daAuts
     D:8: 30 daAuts
